Thunderbirds vs Wolfpack
Created - November 2, 2024 at 20:30
Goals
|
Thunderbirds |
2 |
0 |
2 |
0 |
2 |
5 |
Wolfpack |
1 |
1 |
2 |
0 |
1 |
4 |
|
Shots
|
Thunderbirds |
16 |
14 |
10 |
5 |
3 |
45 |
Wolfpack |
14 |
12 |
8 |
1 |
3 |
35 |
|
1st period
1. Thunderbirds , Matt Roy 2 (Michael Rasmussen 2, Rourke Chartier 5) at 14:59 (PP)
2. Thunderbirds , Joachim Blichfeld 5 (Rourke Chartier 6) at 15:52
3. Wolfpack , Sebastian Collberg 2 (Dryden Hunt 3, Nolan Patrick 3) at 17:48
Penalties :
Linus Sandin (Har) for Holding (Minor) at 2:11, Alex Barre-Boulet (Har) for Tripping (Minor) at 5:36, Alex Barre-Boulet (Har) for Tripping (Minor) at 14:41
2nd period
4. Wolfpack , Sebastian Collberg 3 (Derrick Pouliot 6, Dryden Hunt 4) at 9:28 (PP)
Penalties :
Rourke Chartier (Spr) for Holding (Minor) at 9:16, Alexander Barabanov (Har) for Holding (Minor) at 15:27
3rd period
5. Thunderbirds , Joachim Blichfeld 6 (Rourke Chartier 7, Jeremy Lauzon 4) at 5:52 (PP)
6. Thunderbirds , Rourke Chartier 2 (Joachim Blichfeld 4) at 9:27 (PP)
7. Wolfpack , Sebastian Collberg 4 (Nolan Patrick 4) at 15:59 (PP)
8. Wolfpack , Jakub Lauko 2 (Shane Pinto 1) at 18:38
Penalties :
Anthony Richard (Spr) for Tripping (Minor) at 1:27, Dryden Hunt (Har) for Roughing (Minor) at 5:09, Sebastian Collberg (Har) for Hooking (Minor) at 9:17, Jeremy Lauzon (Spr) for Holding (Minor) at 12:14, Joachim Blichfeld (Spr) for Boarding (Minor) at 15:58, Colton White (Har) for Roughing (Minor) at 16:26, Joachim Blichfeld (Spr) for Slashing (Minor) at 19:27
Overtime #1
No Goal
Penalties :
No Penalty
Shootout
Thunderbirds, Rourke Chartier - Goal!
Wolfpack, Sebastian Collberg - Stopped by Magnus Hellberg
Thunderbirds, Anthony Richard - Stopped by Samuel Ersson
Wolfpack, Nolan Patrick - Goal!
Thunderbirds, Joachim Blichfeld - Goal!
Wolfpack, Owen Tippet - Stopped by Magnus Hellberg
Penalties :
No Penalty
Goalie Stats
Magnus Hellberg (Spr), 31 saves from 35 shots - (0.886), W, 2-0-0, 65:00 minutes
Samuel Ersson (Har), 41 saves from 45 shots - (0.911), OTL, 0-2-1, 65:00 minutes
Players Stats for Thunderbirds
Player Name G A P +/- PIM S H SB GA TA FO MP PP MP PK MP
------------------------------------------------------------------------------------
Anthony Richard 0 0 0 -1 2 5 2 1 1 0 9/15 17:14 3:39 0:44
Artturi Lehkonen 0 0 0 -1 0 2 1 0 0 0 0/0 9:08 0:03 0:54
Dylan Blujus 0 0 0 -2 0 0 1 1 0 1 0/0 20:22 0:00 2:30
Dylan Sikura 0 0 0 -1 0 5 1 0 1 0 0/0 15:28 0:03 1:00
Emil Bemstrom 0 0 0 0 0 3 2 0 0 0 1/1 14:04 3:39 0:00
Frederic Allard 0 0 0 0 0 0 3 0 0 0 0/0 13:00 0:00 2:30
Henri Jokiharju 0 0 0 1 0 0 0 0 0 1 0/0 26:27 3:48 3:49
Jeremy Lauzon 0 1 1 0 2 6 1 2 2 1 0/0 31:06 5:19 2:30
Joachim Blichfeld 2 1 3 1 4 7 0 1 0 1 3/6 21:38 5:25 0:00
Matt Roy 1 0 1 -1 0 3 1 0 0 1 0/0 19:15 3:48 0:49
Michael Rasmussen 0 1 1 -1 0 1 3 0 0 0 0/1 17:23 5:12 0:00
Paul Cotter 0 0 0 0 0 1 3 0 0 0 0/1 14:04 3:39 0:00
Pierre Engvall 0 0 0 1 0 4 4 1 0 0 0/2 20:04 0:00 2:46
Rasmus Kupari 0 0 0 -1 0 3 0 0 0 0 1/3 7:21 0:00 0:25
Rourke Chartier 1 3 4 1 2 2 1 1 1 2 14/35 22:42 5:25 0:00
Sami Niku 0 0 0 0 0 0 0 1 1 1 0/0 16:23 5:19 0:12
Trent Frederic 0 0 0 0 0 0 2 1 0 0 6/12 16:06 0:16 3:34
Trey Fix-Wolansky 0 0 0 -1 0 3 0 0 0 0 0/1 8:34 0:00 1:30
Players Stats for Wolfpack
Player Name G A P +/- PIM S H SB GA TA FO MP PP MP PK MP
------------------------------------------------------------------------------------
Alex Barre-Boulet 0 0 0 -1 4 1 2 1 1 0 9/17 17:50 2:10 1:31
Alexander Barabanov 0 0 0 -1 2 1 3 1 0 0 1/2 19:09 2:10 3:16
Alexander Volkov 0 0 0 1 0 1 0 0 0 0 0/0 6:13 0:00 0:00
Cale Fleury 0 0 0 1 0 2 0 1 0 0 0/0 11:43 0:00 0:47
Colton White 0 0 0 2 2 0 2 0 0 2 0/0 29:20 2:59 4:13
Derrick Pouliot 0 1 1 1 0 5 2 4 1 1 0/0 32:06 2:59 5:34
Dryden Hunt 0 2 2 1 2 4 0 1 0 0 0/0 24:20 2:33 3:32
Jake Marchment 0 0 0 0 0 1 0 0 2 1 5/11 14:26 0:00 2:15
Jakub Lauko 1 0 1 1 0 3 0 0 0 0 0/0 6:52 0:00 0:26
Joshua Jacobs 0 0 0 0 0 0 1 0 0 0 0/0 11:27 0:00 1:10
K'Andre Miller 0 0 0 -1 0 1 0 1 0 0 0/0 21:37 1:44 4:00
Linus Sandin 0 0 0 0 2 0 2 0 0 0 0/0 11:57 0:00 0:00
Nolan Patrick 0 2 2 1 0 2 2 1 0 1 25/41 25:40 2:33 4:22
Owen Tippet 0 0 0 -1 0 3 2 0 1 0 0/0 15:12 2:10 0:00
Ryan Culkin 0 0 0 -1 0 1 2 2 0 0 0/0 20:36 1:44 2:43
Sebastian Collberg 3 0 3 1 2 7 0 2 3 0 1/1 19:17 2:33 0:00
Shane Pinto 0 1 1 1 0 1 2 0 0 0 2/5 6:52 0:00 0:39
Yegor Korshkov 0 0 0 0 0 2 4 0 0 1 0/0 12:43 0:00 2:00
3 Stars
1 - Sebastian Collberg (Har)
2 - Rourke Chartier (Spr)
3 - Joachim Blichfeld (Spr)
Power Play
Thunderbirds - 3 on 7 Attempt(s) - 42.86%
Wolfpack - 2 on 5 Attempt(s) - 40.00%
Penalty Kill
Thunderbirds - 3 on 5 Attempt(s) - 60.00%
- Score 0 goal in Penalty Kill
Wolfpack - 4 on 7 Attempt(s) - 57.14%
- Score 0 goal in Penalty Kill
Team Stat
Thunderbirds - Hits : 25 - Faceoff Wins : 34 - Blocked Shots : 9 - Penalty Minutes : 10
Wolfpack - Hits : 24 - Faceoff Wins : 43 - Blocked Shots : 14 - Penalty Minutes : 14
Official
Referees : Justin St. Pierre and Gord Dwyer
Linesman : Mark Shewchyk and Steve Barton
Game Notes
Sebastian Collberg has scored a Hat Trick!
Finance
Level 1 -- Attendance: 1719 (85.95%) -- Ticket Income $120,330
Level 2 -- Attendance: 852 (85.20%) -- Ticket Income $34,080
Total Attendance: 2571 (85.70%)
Total Ticket Income: $154,410
Other Income: $7,720
Total Income: $162,130
Thunderbirds
5 vs 5 Forward
Center Left Wing Right Wing Time % Phy DF OF
1 Rourke Chartier Pierre Engvall Joachim Blichfeld 40 1 2 2
2 Anthony Richard Michael Rasmussen Dylan Sikura 30 1 2 2
3 Trent Frederic Paul Cotter Emil Bemstrom 20 1 2 2
4 Rasmus Kupari Artturi Lehkonen Trey Fix-Wolansky 10 1 2 2
5 vs 5 Defense
Defense Defense Time % Phy DF OF
1 Jeremy Lauzon Henri Jokiharju 40 1 2 2
2 Dylan Blujus Matt Roy 30 1 2 2
3 Frederic Allard Sami Niku 20 1 2 2
4 Jeremy Lauzon Dylan Blujus 10 1 2 2
PowerPlay Forward
Center Left Wing Right Wing Time % Phy DF OF
1 Rourke Chartier Michael Rasmussen Joachim Blichfeld 60 1 2 2
2 Anthony Richard Paul Cotter Emil Bemstrom 40 1 2 2
PowerPlay Defense
Defense Defense Time % Phy DF OF
1 Sami Niku Jeremy Lauzon 60 1 2 2
2 Matt Roy Henri Jokiharju 40 1 2 2
Penalty Kill 4 Players Forward
Center Wing Time % Phy DF OF
1 Trent Frederic Pierre Engvall 60 1 2 2
2 Anthony Richard Dylan Sikura 40 1 2 2
Penalty Kill 4 Players Defense
Defense Defense Time % Phy DF OF
1 Henri Jokiharju Jeremy Lauzon 60 1 2 2
2 Dylan Blujus Frederic Allard 40 1 2 2
Penalty Kill - 3 Players Forward
Forward Time % Phy DF OF
1 Trent Frederic 60 1 2 2
2 Anthony Richard 40 1 2 2
Penalty Kill - 3 Players Defense
Defense Defense Time % Phy DF OF
1 Dylan Blujus Henri Jokiharju 60 1 2 2
2 Jeremy Lauzon Frederic Allard 40 1 2 2
4 vs 4 Forward
Center Wing Time % Phy DF OF
1 Rourke Chartier Michael Rasmussen 60 1 2 2
2 Anthony Richard Artturi Lehkonen 40 1 2 2
4 vs 4 Defense
Defense Defense Time % Phy DF OF
1 Henri Jokiharju Dylan Blujus 60 1 2 2
2 Matt Roy Jeremy Lauzon 40 1 2 2
Last Minutes Offensive
Center Left Wing Right Wing Defense Defense
Rourke Chartier Michael Rasmussen Joachim Blichfeld Jeremy Lauzon Sami Niku
Last Minutes Defensive
Center Left Wing Right Wing Defense Defense
Trent Frederic Pierre Engvall Dylan Sikura Henri Jokiharju Frederic Allard
Goaltenders
Starting : Magnus Hellberg
Backup : Emil Larmi
Extra Forwards
Normal : Rasmus Kupari, Dylan Sikura, Trey Fix-Wolansky - PP : Trent Frederic, Artturi Lehkonen - PK : Trey Fix-Wolansky
Extra Defensemen
Normal : Frederic Allard, Sami Niku, Jeremy Lauzon - PP : Sami Niku - PK : Frederic Allard, Dylan Blujus
Penalty Shots
Rourke Chartier, Anthony Richard, Joachim Blichfeld, Trey Fix-Wolansky, Rasmus Kupari
Custom OT Lines Forwards
Rourke Chartier, Pierre Engvall, Dylan Sikura, Joachim Blichfeld, Anthony Richard, Trent Frederic, Artturi Lehkonen, Michael Rasmussen, Emil Bemstrom, Paul Cotter
Custom OT Lines Defensemen
Jeremy Lauzon, Henri Jokiharju, Dylan Blujus, Frederic Allard, Matt Roy
Scratches
Nathan Smith (Healthy), Calen Addison (Healthy), Alex Vlasic (Healthy), Rafael Harvey-Pinard (Healthy), Nicholas Robertson (Healthy)
Arturs Silovs (Healthy)
Wolfpack
5 vs 5 Forward
Center Left Wing Right Wing Time % Phy DF OF
1 Nolan Patrick Dryden Hunt Sebastian Collberg 40 1 2 2
2 Alex Barre-Boulet Alexander Barabanov Owen Tippet 30 1 2 2
3 Jake Marchment Yegor Korshkov Linus Sandin 20 1 2 2
4 Shane Pinto Jakub Lauko Alexander Volkov 10 1 2 2
5 vs 5 Defense
Defense Defense Time % Phy DF OF
1 Derrick Pouliot Colton White 40 1 2 2
2 Ryan Culkin K'Andre Miller 30 1 2 2
3 Cale Fleury Joshua Jacobs 20 1 2 2
4 Derrick Pouliot Colton White 10 1 2 2
PowerPlay Forward
Center Left Wing Right Wing Time % Phy DF OF
1 Nolan Patrick Dryden Hunt Sebastian Collberg 60 1 2 2
2 Alex Barre-Boulet Alexander Barabanov Owen Tippet 40 1 2 2
PowerPlay Defense
Defense Defense Time % Phy DF OF
1 Derrick Pouliot Colton White 60 1 2 2
2 Ryan Culkin K'Andre Miller 40 1 2 2
Penalty Kill 4 Players Forward
Center Wing Time % Phy DF OF
1 Nolan Patrick Dryden Hunt 60 1 2 2
2 Alex Barre-Boulet Alexander Barabanov 40 1 2 2
Penalty Kill 4 Players Defense
Defense Defense Time % Phy DF OF
1 Derrick Pouliot Colton White 60 1 2 2
2 Ryan Culkin K'Andre Miller 40 1 2 2
Penalty Kill - 3 Players Forward
Forward Time % Phy DF OF
1 Nolan Patrick 60 1 2 2
2 Alex Barre-Boulet 40 1 2 2
Penalty Kill - 3 Players Defense
Defense Defense Time % Phy DF OF
1 Derrick Pouliot Colton White 60 1 2 2
2 Ryan Culkin K'Andre Miller 40 1 2 2
4 vs 4 Forward
Center Wing Time % Phy DF OF
1 Nolan Patrick Dryden Hunt 60 1 2 2
2 Alex Barre-Boulet Alexander Barabanov 40 1 2 2
4 vs 4 Defense
Defense Defense Time % Phy DF OF
1 Derrick Pouliot Colton White 60 1 2 2
2 Ryan Culkin K'Andre Miller 40 1 2 2
Last Minutes Offensive
Center Left Wing Right Wing Defense Defense
Nolan Patrick Dryden Hunt Sebastian Collberg Derrick Pouliot Colton White
Last Minutes Defensive
Center Left Wing Right Wing Defense Defense
Nolan Patrick Dryden Hunt Sebastian Collberg Derrick Pouliot Colton White
Goaltenders
Starting : Samuel Ersson
Backup : Charlie Lindgren
Extra Forwards
Normal : Alexander Barabanov, Alex Barre-Boulet, Jake Marchment - PP : Alexander Barabanov, Alex Barre-Boulet - PK : Alexander Barabanov
Extra Defensemen
Normal : K'Andre Miller, Cale Fleury, Joshua Jacobs - PP : K'Andre Miller - PK : K'Andre Miller, Cale Fleury
Penalty Shots
Sebastian Collberg, Nolan Patrick, Owen Tippet, Dryden Hunt, Alexander Barabanov
Custom OT Lines Forwards
Sebastian Collberg, Nolan Patrick, Owen Tippet, Dryden Hunt, Alexander Barabanov, Alex Barre-Boulet, Jake Marchment, Linus Sandin, Alexander Volkov, Yegor Korshkov
Custom OT Lines Defensemen
Derrick Pouliot, Colton White, Ryan Culkin, K'Andre Miller, Cale Fleury
Scratches
Ryan Poehling (Healthy), Mason Shaw (Healthy), Ben Jones (Healthy), Samuel Houde (Healthy), Dylan Samberg (Healthy)
Mikhail Vorobyev (Healthy), Andrew Peeke (Healthy), Dante Fabbro (Healthy), Jeffrey Viel (Healthy), Jack Drury (Healthy)
Martin Kaut (Healthy), Mathias Laferriere (Healthy), Maxwell Crozier (Healthy), Will Francis (Healthy), Andrei Altybarmakyan (Fractured Orbital Bone Injury)
Dustin Wolf (Healthy)
% Time on Ice - Thunderbirds
Lines # - Real PCT - Wanted PCT - Time Play
Normal Forward
1 - 36% - 40% - 16:38
2 - 26% - 30% - 12:13
3 - 22% - 20% - 10:23
4 - 15% - 10% - 6:56
Normal Defense
1 - 38% - 40% - 17:46
2 - 31% - 30% - 14:06
3 - 22% - 20% - 10:22
4 - 9% - 10% - 3:56
PP Forward
1 - 60% - 60% - 5:28
2 - 40% - 40% - 3:39
PP Defense
1 - 58% - 60% - 5:19
2 - 42% - 40% - 3:48
PK Forward
1 - 79% - 60% - 3:43
2 - 21% - 40% - 1:00
PK Defense
1 - 81% - 60% - 3:50
2 - 19% - 40% - 0:53
PK3 Forward
1 - 86% - 60% - 1:15
2 - 14% - 40% - 0:12
PK3 Defense
1 - 55% - 60% - 0:48
2 - 45% - 40% - 0:39
44 Forward
1 - 0% - 60%
2 - 0% - 40%
44 Defense
1 - 0% - 60%
2 - 0% - 40%
Last Minute Offensive - 0:00
Last Minute Defensive - 0:00
Total
Forward - 61:27
Defense - 61:27
|
% Time on Ice - Wolfpack
Lines # - Real PCT - Wanted PCT - Time Play
Normal Forward
1 - 35% - 40% - 16:08
2 - 28% - 30% - 13:06
3 - 23% - 20% - 10:43
4 - 13% - 10% - 6:13
Normal Defense
1 - 41% - 40% - 18:59
2 - 33% - 30% - 15:07
3 - 22% - 20% - 10:17
4 - 4% - 10% - 1:47
PP Forward
1 - 54% - 60% - 2:33
2 - 46% - 40% - 2:10
PP Defense
1 - 63% - 60% - 2:59
2 - 37% - 40% - 1:44
PK Forward
1 - 73% - 60% - 6:38
2 - 27% - 40% - 2:29
PK Defense
1 - 70% - 60% - 6:24
2 - 30% - 40% - 2:43
PK3 Forward
1 - 0% - 60%
2 - 0% - 40%
PK3 Defense
1 - 0% - 60%
2 - 0% - 40%
44 Forward
1 - 100% - 60% - 1:27
2 - 0% - 40% - 0:00
44 Defense
1 - 72% - 60% - 1:03
2 - 28% - 40% - 0:24
Last Minute Offensive - 0:00
Last Minute Defensive - 0:00
Total
Forward - 61:27
Defense - 61:27
|
Play-by-Play
1st period
0:01 of 1st period - Nolan Patrick wins face-off versus Rourke Chartier in neutral zone.
0:04 of 1st period - Snap shot by Sebastian Collberg.
0:04 of 1st period - Stopped by Magnus Hellberg without a rebound.
0:05 of 1st period - Joachim Blichfeld wins face-off versus Nolan Patrick in Thunderbirds zone.
0:16 of 1st period - Wrist shot by Dryden Hunt.
0:16 of 1st period - Shot Misses the Net.
0:18 of 1st period - Slapshot by Nolan Patrick.
0:18 of 1st period - Shot Misses the Net.
0:20 of 1st period - Wrist shot by Dryden Hunt.
0:20 of 1st period - Stopped by Magnus Hellberg with a rebound.
1:58 of 1st period - Wrist shot by Owen Tippet.
1:58 of 1st period - Stopped by Magnus Hellberg without a rebound.
1:59 of 1st period - Anthony Richard wins face-off versus Alex Barre-Boulet in Thunderbirds zone.
1:59 of 1st period - Anthony Richard is hit by Owen Tippet.
2:05 of 1st period - Snap shot by Anthony Richard.
2:05 of 1st period - Stopped by Samuel Ersson without a rebound.
2:06 of 1st period - Anthony Richard wins face-off versus Jake Marchment in Wolfpack zone.
2:09 of 1st period - Snap shot by Dylan Sikura.
2:09 of 1st period - Stopped by Samuel Ersson with a rebound.
2:11 of 1st period - Minor Penalty to Linus Sandin for Holding.
2:12 of 1st period - Nolan Patrick wins face-off versus Rourke Chartier in Wolfpack zone.
2:39 of 1st period - Anthony Richard is hit by Colton White and loses puck.
2:46 of 1st period - Wrist shot by Sami Niku.
2:46 of 1st period - Shot Misses the Net.
4:11 of 1st period - Penalty to Linus Sandin is over, Linus Sandin is back on ice.
4:11 of 1st period - Dryden Hunt is hit by Trent Frederic and loses puck.
5:14 of 1st period - Frederic Allard is hit by Nolan Patrick.
5:25 of 1st period - Wrist shot by Nolan Patrick.
5:25 of 1st period - Deflect By Frederic Allard.
5:25 of 1st period - Shot Misses the Net.
5:25 of 1st period - Puck is out of play.
5:26 of 1st period - Rourke Chartier wins face-off versus Alex Barre-Boulet in Thunderbirds zone.
5:36 of 1st period - Minor Penalty to Alex Barre-Boulet for Tripping.
5:37 of 1st period - Jake Marchment wins face-off versus Rourke Chartier in Wolfpack zone.
6:10 of 1st period - Wrist shot by Emil Bemstrom.
6:10 of 1st period - Stopped by Samuel Ersson with a rebound.
6:12 of 1st period - Snap shot by Anthony Richard.
6:12 of 1st period - Stopped by Samuel Ersson with a rebound.
6:14 of 1st period - Slapshot by Matt Roy.
6:14 of 1st period - Shot Misses the Net.
6:16 of 1st period - Wrist shot by Anthony Richard.
6:16 of 1st period - Shot Misses the Net.
6:30 of 1st period - Joachim Blichfeld is hit by Shane Pinto and loses puck.
7:36 of 1st period - Penalty to Alex Barre-Boulet is over, Alex Barre-Boulet is back on ice.
7:57 of 1st period - Slapshot by Alex Barre-Boulet.
7:57 of 1st period - Shot Misses the Net.
7:59 of 1st period - Wrist shot by Dryden Hunt.
7:59 of 1st period - Stopped by Magnus Hellberg with a rebound.
8:01 of 1st period - Wrist shot by Derrick Pouliot.
8:01 of 1st period - Stopped by Magnus Hellberg without a rebound.
8:02 of 1st period - Anthony Richard wins face-off versus Shane Pinto in Thunderbirds zone.
8:28 of 1st period - Icing by Frederic Allard.
8:29 of 1st period - Emil Bemstrom wins face-off versus Jake Marchment in Thunderbirds zone.
8:29 of 1st period - Emil Bemstrom is hit by Linus Sandin.
8:59 of 1st period - Slapshot by Dylan Sikura.
8:59 of 1st period - Stopped by Samuel Ersson without a rebound.
9:00 of 1st period - Anthony Richard wins face-off versus Alexander Barabanov in Wolfpack zone.
9:01 of 1st period - Slapshot by Jeremy Lauzon.
9:01 of 1st period - Shot Blocked by Derrick Pouliot.
9:03 of 1st period - Snap shot by Dylan Sikura.
9:03 of 1st period - Stopped by Samuel Ersson without a rebound.
9:04 of 1st period - Alex Barre-Boulet wins face-off versus Anthony Richard in Wolfpack zone.
10:05 of 1st period - Snap shot by Jeremy Lauzon.
10:05 of 1st period - Stopped by Samuel Ersson without a rebound.
10:06 of 1st period - Alex Barre-Boulet wins face-off versus Anthony Richard in Wolfpack zone.
10:21 of 1st period - Wrist shot by Anthony Richard.
10:21 of 1st period - Stopped by Samuel Ersson without a rebound.
10:22 of 1st period - Rourke Chartier wins face-off versus Nolan Patrick in Wolfpack zone.
10:47 of 1st period - Linus Sandin is hit by Dylan Sikura and loses puck.
11:20 of 1st period - Slapshot by Derrick Pouliot.
11:20 of 1st period - Stopped by Magnus Hellberg with a rebound.
11:38 of 1st period - Snap shot by Shane Pinto.
11:38 of 1st period - Stopped by Magnus Hellberg with a rebound.
11:40 of 1st period - Snap shot by Jakub Lauko.
11:40 of 1st period - Stopped by Magnus Hellberg with a rebound.
11:42 of 1st period - Slapshot by K'Andre Miller.
11:42 of 1st period - Stopped by Magnus Hellberg with a rebound.
11:44 of 1st period - Snap shot by Ryan Culkin.
11:44 of 1st period - Shot Misses the Net.
12:02 of 1st period - Slapshot by Sebastian Collberg.
12:02 of 1st period - Stopped by Magnus Hellberg without a rebound.
12:03 of 1st period - Alexander Barabanov wins face-off versus Joachim Blichfeld in Thunderbirds zone.
12:04 of 1st period - Slapshot by Alex Barre-Boulet.
12:04 of 1st period - Stopped by Magnus Hellberg without a rebound.
12:05 of 1st period - Alex Barre-Boulet wins face-off versus Rourke Chartier in Thunderbirds zone.
12:06 of 1st period - Snap shot by Owen Tippet.
12:06 of 1st period - Stopped by Magnus Hellberg with a rebound.
12:22 of 1st period - Wrist shot by Joachim Blichfeld.
12:22 of 1st period - Shot Misses the Net.
12:39 of 1st period - Icing by Cale Fleury.
12:40 of 1st period - Sebastian Collberg wins face-off versus Michael Rasmussen in Wolfpack zone.
13:02 of 1st period - Snap shot by Nolan Patrick.
13:02 of 1st period - Shot Misses the Net.
13:14 of 1st period - Wrist shot by Joachim Blichfeld.
13:14 of 1st period - Stopped by Samuel Ersson with a rebound.
13:16 of 1st period - Slapshot by Jeremy Lauzon.
13:16 of 1st period - Shot Misses the Net.
13:42 of 1st period - Joshua Jacobs is hit by Paul Cotter and loses puck.
13:57 of 1st period - Snap shot by Derrick Pouliot.
13:57 of 1st period - Deflect By Jakub Lauko.
13:57 of 1st period - Stopped by Magnus Hellberg with a rebound.
14:33 of 1st period - Wrist shot by Joachim Blichfeld.
14:33 of 1st period - Shot Misses the Net.
14:35 of 1st period - Snap shot by Rourke Chartier.
14:35 of 1st period - Shot Misses the Net.
14:41 of 1st period - Minor Penalty to Alex Barre-Boulet for Tripping.
14:42 of 1st period - Rourke Chartier wins face-off versus Nolan Patrick in Wolfpack zone.
14:53 of 1st period - Snap shot by Joachim Blichfeld.
14:53 of 1st period - Stopped by Samuel Ersson with a rebound.
14:55 of 1st period - Snap shot by Rourke Chartier.
14:55 of 1st period - Shot Blocked by Ryan Culkin.
14:57 of 1st period - Slapshot by Michael Rasmussen.
14:57 of 1st period - Stopped by Samuel Ersson with a rebound.
14:59 of 1st period - Slapshot by Matt Roy.
14:59 of 1st period - Deflect By Dryden Hunt.
14:59 of 1st period - Goal by Matt Roy - Thunderbirds : 1 - Wolfpack : 0.
15:00 of 1st period - Nolan Patrick wins face-off versus Rourke Chartier in neutral zone.
15:16 of 1st period - Icing by Joachim Blichfeld.
15:17 of 1st period - Rourke Chartier wins face-off versus Alex Barre-Boulet in Thunderbirds zone.
15:34 of 1st period - Snap shot by Joachim Blichfeld.
15:34 of 1st period - Stopped by Samuel Ersson with a rebound.
15:52 of 1st period - Wrist shot by Joachim Blichfeld.
15:52 of 1st period - Goal by Joachim Blichfeld - Thunderbirds : 2 - Wolfpack : 0.
15:53 of 1st period - Nolan Patrick wins face-off versus Anthony Richard in neutral zone.
16:05 of 1st period - Nolan Patrick is hit by Michael Rasmussen and loses puck.
16:17 of 1st period - Icing by Dylan Sikura.
16:18 of 1st period - Jake Marchment wins face-off versus Joachim Blichfeld in Thunderbirds zone.
16:25 of 1st period - Slapshot by Ryan Culkin.
16:25 of 1st period - Shot Misses the Net.
16:31 of 1st period - Yegor Korshkov is hit by Rourke Chartier and loses puck.
16:42 of 1st period - Jeremy Lauzon is hit by Yegor Korshkov and loses puck.
16:59 of 1st period - Slapshot by Joachim Blichfeld.
16:59 of 1st period - Shot Hit the Post.
17:03 of 1st period - Slapshot by Joachim Blichfeld.
17:03 of 1st period - Stopped by Samuel Ersson with a rebound.
17:15 of 1st period - Henri Jokiharju is hit by Yegor Korshkov and loses puck.
17:24 of 1st period - Icing by Ryan Culkin.
17:25 of 1st period - Anthony Richard wins face-off versus Jake Marchment in Wolfpack zone.
17:32 of 1st period - Snap shot by Dylan Sikura.
17:32 of 1st period - Stopped by Samuel Ersson without a rebound.
17:33 of 1st period - Anthony Richard wins face-off versus Nolan Patrick in Wolfpack zone.
17:48 of 1st period - Wrist shot by Sebastian Collberg.
17:48 of 1st period - Goal by Sebastian Collberg - Thunderbirds : 2 - Wolfpack : 1.
17:49 of 1st period - Nolan Patrick wins face-off versus Anthony Richard in neutral zone.
18:14 of 1st period - Henri Jokiharju is hit by Alex Barre-Boulet and loses puck.
19:43 of 1st period - Snap shot by Shane Pinto.
19:43 of 1st period - Shot Misses the Net.
19:45 of 1st period - Slapshot by Cale Fleury.
19:45 of 1st period - Shot Misses the Net.
19:47 of 1st period - Wrist shot by Alexander Volkov.
19:47 of 1st period - Shot Misses the Net.
19:49 of 1st period - Snap shot by Jakub Lauko.
19:49 of 1st period - Shot Misses the Net.
19:51 of 1st period - Wrist shot by Alexander Volkov.
19:51 of 1st period - Shot Blocked by Jeremy Lauzon.
Goals for this period are 2 for Thunderbirds vs 1 for Wolfpack.
Shots for this period are 16 for Thunderbirds vs 14 for Wolfpack.
2nd period
0:01 of 2nd period - Anthony Richard wins face-off versus Nolan Patrick in neutral zone.
0:12 of 2nd period - Slapshot by Nolan Patrick.
0:12 of 2nd period - Stopped by Magnus Hellberg with a rebound.
0:14 of 2nd period - Slapshot by Derrick Pouliot.
0:14 of 2nd period - Deflect By Dryden Hunt.
0:14 of 2nd period - Stopped by Magnus Hellberg with a rebound.
0:16 of 2nd period - Snap shot by Nolan Patrick.
0:16 of 2nd period - Shot Blocked by Anthony Richard.
1:18 of 2nd period - Wrist shot by Alexander Volkov.
1:18 of 2nd period - Deflect By Emil Bemstrom.
1:18 of 2nd period - Stopped by Magnus Hellberg with a rebound.
1:28 of 2nd period - Cale Fleury is hit by Michael Rasmussen and loses puck.
2:16 of 2nd period - Wrist shot by Trey Fix-Wolansky.
2:16 of 2nd period - Stopped by Samuel Ersson with a rebound.
2:18 of 2nd period - Slapshot by Artturi Lehkonen.
2:18 of 2nd period - Shot Misses the Net.
2:30 of 2nd period - Wrist shot by Emil Bemstrom.
2:30 of 2nd period - Shot Misses the Net.
2:51 of 2nd period - Anthony Richard is hit by Derrick Pouliot and loses puck.
3:53 of 2nd period - Wrist shot by Jeremy Lauzon.
3:53 of 2nd period - Stopped by Samuel Ersson with a rebound.
3:55 of 2nd period - Slapshot by Emil Bemstrom.
3:55 of 2nd period - Shot Misses the Net.
4:21 of 2nd period - Snap shot by Dylan Sikura.
4:21 of 2nd period - Shot Misses the Net.
4:23 of 2nd period - Backhand shot by Matt Roy.
4:23 of 2nd period - Shot Blocked by K'Andre Miller.
4:55 of 2nd period - Snap shot by Alexander Barabanov.
4:55 of 2nd period - Shot Misses the Net.
4:58 of 2nd period - Icing by Artturi Lehkonen.
4:59 of 2nd period - Nolan Patrick wins face-off versus Rasmus Kupari in Thunderbirds zone.
5:18 of 2nd period - Backhand shot by Dylan Blujus.
5:18 of 2nd period - Deflect By Artturi Lehkonen.
5:18 of 2nd period - Stopped by Samuel Ersson with a rebound.
5:20 of 2nd period - Slapshot by Dylan Blujus.
5:20 of 2nd period - Shot Misses the Net.
5:22 of 2nd period - Slapshot by Dylan Blujus.
5:22 of 2nd period - Shot Blocked by Derrick Pouliot.
5:24 of 2nd period - Slapshot by Artturi Lehkonen.
5:24 of 2nd period - Deflect By Rasmus Kupari.
5:24 of 2nd period - Shot Misses the Net.
5:24 of 2nd period - Puck is out of play.
5:25 of 2nd period - Alex Barre-Boulet wins face-off versus Rourke Chartier in Wolfpack zone.
5:38 of 2nd period - Pierre Engvall is hit by Owen Tippet and loses puck.
5:56 of 2nd period - Sebastian Collberg is hit by Frederic Allard and loses puck.
6:01 of 2nd period - Slapshot by Dylan Sikura.
6:01 of 2nd period - Shot Blocked by Cale Fleury.
6:11 of 2nd period - Slapshot by Jake Marchment.
6:11 of 2nd period - Stopped by Magnus Hellberg without a rebound.
6:12 of 2nd period - Trent Frederic wins face-off versus Jake Marchment in Thunderbirds zone.
6:37 of 2nd period - Sami Niku is hit by Alex Barre-Boulet and loses puck.
6:55 of 2nd period - Off-side.
6:56 of 2nd period - Nolan Patrick wins face-off versus Joachim Blichfeld in neutral zone.
7:59 of 2nd period - Owen Tippet is hit by Michael Rasmussen and loses puck.
8:27 of 2nd period - Wrist shot by Alexander Barabanov.
8:27 of 2nd period - Stopped by Magnus Hellberg without a rebound.
8:28 of 2nd period - Jake Marchment wins face-off versus Rourke Chartier in Thunderbirds zone.
8:29 of 2nd period - Snap shot by Yegor Korshkov.
8:29 of 2nd period - Shot Misses the Net.
8:39 of 2nd period - Slapshot by Pierre Engvall.
8:39 of 2nd period - Stopped by Samuel Ersson with a rebound.
8:41 of 2nd period - Snap shot by Pierre Engvall.
8:41 of 2nd period - Deflect By Yegor Korshkov.
8:41 of 2nd period - Shot Blocked by Ryan Culkin.
8:41 of 2nd period - Puck is out of play.
8:42 of 2nd period - Nolan Patrick wins face-off versus Rourke Chartier in Wolfpack zone.
8:53 of 2nd period - Wrist shot by Nolan Patrick.
8:53 of 2nd period - Stopped by Magnus Hellberg without a rebound.
8:54 of 2nd period - Nolan Patrick wins face-off versus Rourke Chartier in Thunderbirds zone.
9:01 of 2nd period - Snap shot by Nolan Patrick.
9:01 of 2nd period - Shot Misses the Net.
9:03 of 2nd period - Snap shot by Dryden Hunt.
9:03 of 2nd period - Stopped by Magnus Hellberg without a rebound.
9:04 of 2nd period - Nolan Patrick wins face-off versus Rourke Chartier in Thunderbirds zone.
9:16 of 2nd period - Minor Penalty to Rourke Chartier for Holding.
9:17 of 2nd period - Nolan Patrick wins face-off versus Trent Frederic in Thunderbirds zone.
9:18 of 2nd period - Slapshot by Sebastian Collberg.
9:18 of 2nd period - Stopped by Magnus Hellberg with a rebound.
9:20 of 2nd period - Slapshot by Derrick Pouliot.
9:20 of 2nd period - Stopped by Magnus Hellberg with a rebound.
9:22 of 2nd period - Slapshot by Derrick Pouliot.
9:22 of 2nd period - Stopped by Magnus Hellberg with a rebound.
9:24 of 2nd period - Snap shot by Dryden Hunt.
9:24 of 2nd period - Shot Misses the Net.
9:26 of 2nd period - Slapshot by Derrick Pouliot.
9:26 of 2nd period - Shot Blocked by Trent Frederic.
9:28 of 2nd period - Wrist shot by Sebastian Collberg.
9:28 of 2nd period - Goal by Sebastian Collberg - Thunderbirds : 2 - Wolfpack : 2.
9:29 of 2nd period - Joachim Blichfeld wins face-off versus Nolan Patrick in neutral zone.
9:51 of 2nd period - Icing by Dylan Blujus.
9:52 of 2nd period - Alex Barre-Boulet wins face-off versus Rourke Chartier in Thunderbirds zone.
10:43 of 2nd period - Dylan Blujus is hit by Yegor Korshkov and loses puck.
11:12 of 2nd period - Sami Niku is hit by Shane Pinto and loses puck.
11:47 of 2nd period - Joachim Blichfeld is hit by Joshua Jacobs and loses puck.
12:27 of 2nd period - Slapshot by Ryan Culkin.
12:27 of 2nd period - Stopped by Magnus Hellberg without a rebound.
12:28 of 2nd period - Shane Pinto wins face-off versus Trey Fix-Wolansky in Thunderbirds zone.
12:35 of 2nd period - Snap shot by Derrick Pouliot.
12:35 of 2nd period - Deflect By Shane Pinto.
12:35 of 2nd period - Shot Misses the Net.
12:35 of 2nd period - Puck is out of play.
12:36 of 2nd period - Nolan Patrick wins face-off versus Pierre Engvall in Thunderbirds zone.
12:37 of 2nd period - Slapshot by Sebastian Collberg.
12:37 of 2nd period - Shot Blocked by Dylan Blujus.
12:45 of 2nd period - Slapshot by Matt Roy.
12:45 of 2nd period - Shot Blocked by Sebastian Collberg.
12:47 of 2nd period - Backhand shot by Dylan Blujus.
12:47 of 2nd period - Shot Misses the Net.
12:53 of 2nd period - Snap shot by Joachim Blichfeld.
12:53 of 2nd period - Shot Misses the Net.
13:03 of 2nd period - Owen Tippet is hit by Anthony Richard and loses puck.
13:12 of 2nd period - Henri Jokiharju is hit by Alexander Barabanov and loses puck.
13:25 of 2nd period - Slapshot by Jeremy Lauzon.
13:25 of 2nd period - Shot Misses the Net.
13:27 of 2nd period - Snap shot by Paul Cotter.
13:27 of 2nd period - Stopped by Samuel Ersson with a rebound.
13:53 of 2nd period - Wrist shot by Artturi Lehkonen.
13:53 of 2nd period - Stopped by Samuel Ersson without a rebound.
13:54 of 2nd period - Nolan Patrick wins face-off versus Rourke Chartier in Wolfpack zone.
14:09 of 2nd period - Dryden Hunt is hit by Matt Roy and loses puck.
15:01 of 2nd period - Colton White is hit by Emil Bemstrom and loses puck.
15:06 of 2nd period - Slapshot by Emil Bemstrom.
15:06 of 2nd period - Deflect By Paul Cotter.
15:06 of 2nd period - Shot Blocked by Derrick Pouliot.
15:06 of 2nd period - Puck is out of play.
15:07 of 2nd period - Nolan Patrick wins face-off versus Rourke Chartier in Wolfpack zone.
15:07 of 2nd period - Nolan Patrick is hit by Pierre Engvall.
15:22 of 2nd period - Slapshot by Pierre Engvall.
15:22 of 2nd period - Shot Blocked by Sebastian Collberg.
15:24 of 2nd period - Slapshot by Matt Roy.
15:24 of 2nd period - Stopped by Samuel Ersson without a rebound.
15:25 of 2nd period - Alex Barre-Boulet wins face-off versus Anthony Richard in Wolfpack zone.
15:27 of 2nd period - Minor Penalty to Alexander Barabanov for Holding.
15:28 of 2nd period - Rourke Chartier wins face-off versus Nolan Patrick in Wolfpack zone.
16:50 of 2nd period - Matt Roy is hit by Derrick Pouliot and loses puck.
17:27 of 2nd period - Penalty to Alexander Barabanov is over, Alexander Barabanov is back on ice.
17:33 of 2nd period - Snap shot by Trey Fix-Wolansky.
17:33 of 2nd period - Stopped by Samuel Ersson with a rebound.
17:35 of 2nd period - Wrist shot by Jeremy Lauzon.
17:35 of 2nd period - Deflect By Colton White.
17:35 of 2nd period - Stopped by Samuel Ersson with a rebound.
17:37 of 2nd period - Snap shot by Artturi Lehkonen.
17:37 of 2nd period - Shot Misses the Net.
17:39 of 2nd period - Slapshot by Rasmus Kupari.
17:39 of 2nd period - Stopped by Samuel Ersson without a rebound.
17:40 of 2nd period - Rasmus Kupari wins face-off versus Alex Barre-Boulet in Wolfpack zone.
17:59 of 2nd period - Wrist shot by Rasmus Kupari.
17:59 of 2nd period - Stopped by Samuel Ersson with a rebound.
18:01 of 2nd period - Snap shot by Rasmus Kupari.
18:01 of 2nd period - Stopped by Samuel Ersson with a rebound.
18:09 of 2nd period - Wrist shot by Trey Fix-Wolansky.
18:09 of 2nd period - Stopped by Samuel Ersson with a rebound.
18:11 of 2nd period - Slapshot by Matt Roy.
18:11 of 2nd period - Deflect By Alexander Barabanov.
18:11 of 2nd period - Stopped by Samuel Ersson without a rebound.
18:12 of 2nd period - Nolan Patrick wins face-off versus Rourke Chartier in Wolfpack zone.
18:12 of 2nd period - Nolan Patrick is hit by Dylan Blujus.
18:43 of 2nd period - Henri Jokiharju is hit by Ryan Culkin.
19:08 of 2nd period - Colton White is hit by Jeremy Lauzon and loses puck.
19:16 of 2nd period - Icing by Alexander Volkov.
19:17 of 2nd period - Alex Barre-Boulet wins face-off versus Trent Frederic in Wolfpack zone.
Goals for this period are 0 for Thunderbirds vs 1 for Wolfpack.
Shots for this period are 14 for Thunderbirds vs 12 for Wolfpack.
3rd period
0:01 of 3rd period - Rourke Chartier wins face-off versus Nolan Patrick in neutral zone.
0:58 of 3rd period - Snap shot by Anthony Richard.
0:58 of 3rd period - Stopped by Samuel Ersson without a rebound.
0:59 of 3rd period - Trent Frederic wins face-off versus Nolan Patrick in Wolfpack zone.
1:14 of 3rd period - Slapshot by Matt Roy.
1:14 of 3rd period - Deflect By Emil Bemstrom.
1:14 of 3rd period - Shot Misses the Net.
1:14 of 3rd period - Puck is out of play.
1:15 of 3rd period - Anthony Richard wins face-off versus Alex Barre-Boulet in Wolfpack zone.
1:27 of 3rd period - Minor Penalty to Anthony Richard for Tripping.
1:28 of 3rd period - Nolan Patrick wins face-off versus Trent Frederic in Thunderbirds zone.
1:32 of 3rd period - Snap shot by Sebastian Collberg.
1:32 of 3rd period - Shot Blocked by Jeremy Lauzon.
3:27 of 3rd period - Penalty to Anthony Richard is over, Anthony Richard is back on ice.
3:56 of 3rd period - Wrist shot by Yegor Korshkov.
3:56 of 3rd period - Stopped by Magnus Hellberg without a rebound.
3:57 of 3rd period - Rourke Chartier wins face-off versus Shane Pinto in Thunderbirds zone.
4:26 of 3rd period - Dylan Blujus is hit by Yegor Korshkov.
4:47 of 3rd period - Henri Jokiharju is hit by Alexander Barabanov and loses puck.
5:00 of 3rd period - Cale Fleury is hit by Emil Bemstrom.
5:09 of 3rd period - Minor Penalty to Dryden Hunt for Roughing.
5:10 of 3rd period - Rourke Chartier wins face-off versus Nolan Patrick in Wolfpack zone.
5:10 of 3rd period - Wrist shot by Joachim Blichfeld.
5:10 of 3rd period - Stopped by Samuel Ersson with a rebound.
5:16 of 3rd period - Snap shot by Rourke Chartier.
5:16 of 3rd period - Shot Misses the Net.
5:18 of 3rd period - Wrist shot by Rourke Chartier.
5:18 of 3rd period - Stopped by Samuel Ersson without a rebound.
5:19 of 3rd period - Nolan Patrick wins face-off versus Rourke Chartier in Wolfpack zone.
5:52 of 3rd period - Slapshot by Joachim Blichfeld.
5:52 of 3rd period - Goal by Joachim Blichfeld - Thunderbirds : 3 - Wolfpack : 2.
5:53 of 3rd period - Rourke Chartier wins face-off versus Nolan Patrick in neutral zone.
6:24 of 3rd period - Wrist shot by Owen Tippet.
6:24 of 3rd period - Stopped by Magnus Hellberg with a rebound.
6:42 of 3rd period - Trent Frederic is hit by Linus Sandin and loses puck.
7:11 of 3rd period - Snap shot by Pierre Engvall.
7:11 of 3rd period - Shot Misses the Net.
7:21 of 3rd period - Linus Sandin is hit by Frederic Allard and loses puck.
7:41 of 3rd period - Wrist shot by Linus Sandin.
7:41 of 3rd period - Shot Misses the Net.
7:43 of 3rd period - Wrist shot by Linus Sandin.
7:43 of 3rd period - Shot Blocked by Sami Niku.
7:47 of 3rd period - Snap shot by Yegor Korshkov.
7:47 of 3rd period - Stopped by Magnus Hellberg with a rebound.
7:49 of 3rd period - Slapshot by Cale Fleury.
7:49 of 3rd period - Deflect By Sami Niku.
7:49 of 3rd period - Stopped by Magnus Hellberg without a rebound.
7:50 of 3rd period - Nolan Patrick wins face-off versus Rourke Chartier in Thunderbirds zone.
8:48 of 3rd period - Shane Pinto is hit by Artturi Lehkonen and loses puck.
9:01 of 3rd period - Michael Rasmussen is hit by Nolan Patrick.
9:07 of 3rd period - Wrist shot by Anthony Richard.
9:07 of 3rd period - Shot Misses the Net.
9:09 of 3rd period - Slapshot by Frederic Allard.
9:09 of 3rd period - Shot Blocked by Dryden Hunt.
9:11 of 3rd period - Backhand shot by Anthony Richard.
9:11 of 3rd period - Stopped by Samuel Ersson with a rebound.
9:17 of 3rd period - Minor Penalty to Sebastian Collberg for Hooking.
9:18 of 3rd period - Rourke Chartier wins face-off versus Nolan Patrick in Wolfpack zone.
9:27 of 3rd period - Slapshot by Rourke Chartier.
9:27 of 3rd period - Goal by Rourke Chartier - Thunderbirds : 4 - Wolfpack : 2.
9:28 of 3rd period - Nolan Patrick wins face-off versus Rourke Chartier in neutral zone.
9:50 of 3rd period - Icing by Jeremy Lauzon.
9:51 of 3rd period - Alex Barre-Boulet wins face-off versus Anthony Richard in Thunderbirds zone.
10:21 of 3rd period - Rourke Chartier is hit by Ryan Culkin and loses puck.
10:42 of 3rd period - Snap shot by Shane Pinto.
10:42 of 3rd period - Deflect By Pierre Engvall.
10:42 of 3rd period - Shot Blocked by Pierre Engvall.
10:42 of 3rd period - Puck is out of play.
10:43 of 3rd period - Anthony Richard wins face-off versus Shane Pinto in Thunderbirds zone.
10:48 of 3rd period - Wrist shot by Jeremy Lauzon.
10:48 of 3rd period - Deflect By Derrick Pouliot.
10:48 of 3rd period - Stopped by Samuel Ersson with a rebound.
11:09 of 3rd period - Nolan Patrick is hit by Paul Cotter and loses puck.
11:22 of 3rd period - Snap shot by Emil Bemstrom.
11:22 of 3rd period - Stopped by Samuel Ersson without a rebound.
11:23 of 3rd period - Rourke Chartier wins face-off versus Alex Barre-Boulet in Wolfpack zone.
11:24 of 3rd period - Wrist shot by Joachim Blichfeld.
11:24 of 3rd period - Shot Blocked by Alexander Barabanov.
11:38 of 3rd period - Wrist shot by Alexander Barabanov.
11:38 of 3rd period - Shot Misses the Net.
11:50 of 3rd period - Nolan Patrick is hit by Anthony Richard and loses puck.
12:02 of 3rd period - Off-side.
12:03 of 3rd period - Jake Marchment wins face-off versus Paul Cotter in neutral zone.
12:12 of 3rd period - Snap shot by Yegor Korshkov.
12:12 of 3rd period - Shot Misses the Net.
12:14 of 3rd period - Minor Penalty to Jeremy Lauzon for Holding.
12:15 of 3rd period - Nolan Patrick wins face-off versus Pierre Engvall in Thunderbirds zone.
12:28 of 3rd period - Trent Frederic is hit by Colton White and loses puck.
12:51 of 3rd period - Wrist shot by Owen Tippet.
12:51 of 3rd period - Shot Misses the Net.
14:14 of 3rd period - Penalty to Jeremy Lauzon is over, Jeremy Lauzon is back on ice.
14:49 of 3rd period - Alexander Volkov is hit by Trent Frederic and loses puck.
15:27 of 3rd period - Dryden Hunt is hit by Frederic Allard and loses puck.
15:50 of 3rd period - Derrick Pouliot is hit by Pierre Engvall and loses puck.
15:58 of 3rd period - Minor Penalty to Joachim Blichfeld for Boarding.
15:59 of 3rd period - Nolan Patrick wins face-off versus Trent Frederic in Thunderbirds zone.
15:59 of 3rd period - Snap shot by Sebastian Collberg.
15:59 of 3rd period - Goal by Sebastian Collberg - Thunderbirds : 4 - Wolfpack : 3.
16:00 of 3rd period - Trent Frederic wins face-off versus Jake Marchment in neutral zone.
16:07 of 3rd period - Slapshot by Jeremy Lauzon.
16:07 of 3rd period - Stopped by Samuel Ersson without a rebound.
16:08 of 3rd period - Jake Marchment wins face-off versus Trent Frederic in Wolfpack zone.
16:17 of 3rd period - Snap shot by Emil Bemstrom.
16:17 of 3rd period - Shot Hit the Post.
16:19 of 3rd period - Wrist shot by Emil Bemstrom.
16:19 of 3rd period - Stopped by Samuel Ersson without a rebound.
16:20 of 3rd period - Trent Frederic wins face-off versus Nolan Patrick in Wolfpack zone.
16:26 of 3rd period - Minor Penalty to Colton White for Roughing.
16:27 of 3rd period - Rourke Chartier wins face-off versus Nolan Patrick in Wolfpack zone.
16:53 of 3rd period - Nolan Patrick is hit by Paul Cotter and loses puck.
18:26 of 3rd period - Penalty to Colton White is over, Colton White is back on ice.
18:34 of 3rd period - Snap shot by Cale Fleury.
18:34 of 3rd period - Deflect By Trey Fix-Wolansky.
18:34 of 3rd period - Stopped by Magnus Hellberg without a rebound.
18:35 of 3rd period - Shane Pinto wins face-off versus Rasmus Kupari in Thunderbirds zone.
18:38 of 3rd period - Snap shot by Jakub Lauko.
18:38 of 3rd period - Goal by Jakub Lauko - Thunderbirds : 4 - Wolfpack : 4.
18:39 of 3rd period - Trent Frederic wins face-off versus Jake Marchment in neutral zone.
19:04 of 3rd period - Dryden Hunt is hit by Pierre Engvall and loses puck.
19:27 of 3rd period - Minor Penalty to Joachim Blichfeld for Slashing.
19:28 of 3rd period - Trent Frederic wins face-off versus Alex Barre-Boulet in Thunderbirds zone.
19:39 of 3rd period - Wrist shot by Derrick Pouliot.
19:39 of 3rd period - Stopped by Magnus Hellberg with a rebound.
Goals for this period are 2 for Thunderbirds vs 2 for Wolfpack.
Shots for this period are 10 for Thunderbirds vs 8 for Wolfpack.
Overtime #1
0:01 of 1st overtime period - Nolan Patrick wins face-off versus Trent Frederic in neutral zone.
1:27 of 1st overtime period - Penalty to Joachim Blichfeld is over, Joachim Blichfeld is back on ice.
1:33 of 1st overtime period - Snap shot by Pierre Engvall.
1:33 of 1st overtime period - Stopped by Samuel Ersson without a rebound.
1:34 of 1st overtime period - Alex Barre-Boulet wins face-off versus Rourke Chartier in Wolfpack zone.
1:49 of 1st overtime period - Jake Marchment is hit by Pierre Engvall and loses puck.
2:48 of 1st overtime period - Pierre Engvall is hit by Alexander Barabanov and loses puck.
3:38 of 1st overtime period - Wrist shot by Alexander Barabanov.
3:38 of 1st overtime period - Deflect By Alex Barre-Boulet.
3:38 of 1st overtime period - Shot Blocked by Joachim Blichfeld.
3:38 of 1st overtime period - Puck is out of play.
3:39 of 1st overtime period - Joachim Blichfeld wins face-off versus Alex Barre-Boulet in Thunderbirds zone.
3:48 of 1st overtime period - Snap shot by Dylan Sikura.
3:48 of 1st overtime period - Shot Blocked by Alex Barre-Boulet.
3:50 of 1st overtime period - Wrist shot by Dylan Sikura.
3:50 of 1st overtime period - Stopped by Samuel Ersson with a rebound.
3:59 of 1st overtime period - Off-side.
4:00 of 1st overtime period - Nolan Patrick wins face-off versus Rourke Chartier in neutral zone.
4:13 of 1st overtime period - Wrist shot by Nolan Patrick.
4:13 of 1st overtime period - Shot Blocked by Rourke Chartier.
4:15 of 1st overtime period - Wrist shot by Sebastian Collberg.
4:15 of 1st overtime period - Stopped by Magnus Hellberg without a rebound.
4:16 of 1st overtime period - Nolan Patrick wins face-off versus Rourke Chartier in Thunderbirds zone.
4:31 of 1st overtime period - Wrist shot by Rourke Chartier.
4:31 of 1st overtime period - Shot Misses the Net.
4:34 of 1st overtime period - Icing by Derrick Pouliot.
4:35 of 1st overtime period - Rourke Chartier wins face-off versus Nolan Patrick in Wolfpack zone.
4:36 of 1st overtime period - Wrist shot by Pierre Engvall.
4:36 of 1st overtime period - Shot Misses the Net.
4:38 of 1st overtime period - Slapshot by Jeremy Lauzon.
4:38 of 1st overtime period - Shot Blocked by Nolan Patrick.
4:40 of 1st overtime period - Slapshot by Jeremy Lauzon.
4:40 of 1st overtime period - Stopped by Samuel Ersson with a rebound.
4:42 of 1st overtime period - Slapshot by Jeremy Lauzon.
4:42 of 1st overtime period - Shot Misses the Net.
4:44 of 1st overtime period - Wrist shot by Rourke Chartier.
4:44 of 1st overtime period - Shot Misses the Net.
4:46 of 1st overtime period - Wrist shot by Pierre Engvall.
4:46 of 1st overtime period - Stopped by Samuel Ersson without a rebound.
4:47 of 1st overtime period - Rourke Chartier wins face-off versus Nolan Patrick in Wolfpack zone.
4:50 of 1st overtime period - Wrist shot by Rourke Chartier.
4:50 of 1st overtime period - Shot Blocked by Derrick Pouliot.
4:52 of 1st overtime period - Slapshot by Pierre Engvall.
4:52 of 1st overtime period - Stopped by Samuel Ersson without a rebound.
4:53 of 1st overtime period - Nolan Patrick wins face-off versus Rourke Chartier in Wolfpack zone.
Goals for this period are 0 for Thunderbirds vs 0 for Wolfpack.
Shots for this period are 5 for Thunderbirds vs 1 for Wolfpack.
ShootOut
5:00 of 1st overtime period - Round #1.
5:00 of 1st overtime period - Thunderbirds, Rourke Chartier.
5:00 of 1st overtime period - Snap shot by Rourke Chartier.
5:00 of 1st overtime period - Goal by Rourke Chartier.
5:00 of 1st overtime period - Wolfpack, Sebastian Collberg.
5:00 of 1st overtime period - Backhand shot by Sebastian Collberg.
5:00 of 1st overtime period - Stopped by Magnus Hellberg.
5:00 of 1st overtime period - Round #2.
5:00 of 1st overtime period - Thunderbirds, Anthony Richard.
5:00 of 1st overtime period - Deke by Anthony Richard.
5:00 of 1st overtime period - Stopped by Samuel Ersson.
5:00 of 1st overtime period - Wolfpack, Nolan Patrick.
5:00 of 1st overtime period - Deke by Nolan Patrick.
5:00 of 1st overtime period - Goal by Nolan Patrick.
5:00 of 1st overtime period - Round #3.
5:00 of 1st overtime period - Thunderbirds, Joachim Blichfeld.
5:00 of 1st overtime period - Wrist shot by Joachim Blichfeld.
5:00 of 1st overtime period - Goal by Joachim Blichfeld.
5:00 of 1st overtime period - Wolfpack, Owen Tippet.
5:00 of 1st overtime period - Snap shot by Owen Tippet.
5:00 of 1st overtime period - Stopped by Magnus Hellberg.